 Dungeon Crawl Stone Soup version 0.18.1-50-g88ac8fd (webtiles) character file.

2048 tyranidshit the Fighter (level 9, 0/93 HPs)
             Began as a Deep Dwarf Fighter on Sept 21, 2016.
             Slain by a killer bee (2 damage)
             ... on level 7 of the Dungeon.
             The game lasted 00:12:22 (4327 turns).

tyranidshit the Fighter (Deep Dwarf Fighter)        Turns: 4327, Time: 00:12:24

Health: 0/93       AC: 18    Str: 26    XL:     9   Next: 4%
Magic:  7/7        EV:  6    Int: 13    God:
Gold:   85         SH: 10    Dex: 12    Spells: 0 memorised, 8 levels left

rFire  . . .     SeeInvis .     f - +3 trident of Infection {flame, rElec Str+3 Int+4}
rCold  + . .     Gourm    .     t - +4 chain mail of the Duchess {Stlth+}
rNeg   + . .     Faith    .     c - +0 shield
rPois  .         Spirit   .     l - +2 helmet
rElec  +         Dismiss  .     x - +0 cloak
rCorr  .         Reflect  .     (no gloves)
SustAt .         Harm     .     (no boots)
MR     +....                    (no amulet)
Stlth  ..........               y - ring of positive energy
                                C - ring of protection from cold

@: lethally poisoned (0 -> -4), non-regenerating, somewhat resistant to hostile
enchantments, extremely unstealthy
A: damage resistance, recharge devices, sense surroundings 2, slow regeneration
3
a: Device Recharging


You were on level 7 of the Dungeon.
You were hungry.

You visited 2 branches of the dungeon, and saw 8 of its levels.

You collected 322 gold pieces.
You spent 237 gold pieces at shops.

Inventory:

Hand Weapons
 a - a +1 war axe
 f - the +3 trident of Infection (weapon) {flame, rElec Str+3 Int+4}
   (You found it on level 2 of the Dungeon)

   It has been specially enchanted to burn those struck by it, causing extra
   injury to most foes and up to half again as much damage against particularly
   susceptible opponents.
   It affects your strength (+3).
   It affects your intelligence (+4).
   It insulates you from electricity.
 h - a +0 hand axe of freezing
 q - a +2 war axe of venom
Missiles
 B - a throwing net (quivered)
Armour
 b - a +0 scale mail
 c - a +0 shield (worn)
 j - a +0 plate armour
 l - a +2 helmet (worn)
 n - a +0 chain mail
 t - the +4 chain mail of the Duchess (worn) {Stlth+}
   (You bought it in a shop on level 5 of the Dungeon)

   It makes you more stealthy.
 x - a +0 cloak (worn)
Jewellery
 y - a ring of positive energy (right hand)
 C - a ring of protection from cold (left hand)
 F - an uncursed ring of protection from cold
Wands
 e - a wand of heal wounds (4/9)
 m - a wand of lightning (3/15)
 s - a wand of random effects (17/48)
 D - a wand of paralysis (14/24)
Scrolls
 i - a scroll of teleportation
 k - 3 scrolls of immolation
 o - 7 scrolls of identify
 r - a scroll of enchant weapon
 u - 3 scrolls of blinking
Potions
 d - a potion of might
 g - 2 potions of flight
 z - a potion of cancellation {unknown}
Books
 p - a book of Enchantments

   Spells                             Type                      Level
   a - Cause Fear                     Hexes                        4
   b - Yara's Violent Unravelling     Hexes/Transmutation          5
   c - Silence                        Hexes/Air                    5
   d - Deflect Missiles               Charms/Air                   6
   e - Haste                          Charms                       6
   f - Discord                        Hexes                        8
Comestibles
 v - 2 meat rations
 w - 2 bread rations
 A - 2 slices of pizza
 E - 4 fruits


   Skills:
 - Level 10.2 Fighting
 - Level 2.1 Axes
 + Level 6.3 Armour
 - Level 3.2 Shields


You had 8 spell levels left.
You didn't know any spells.

Dungeon Overview and Level Annotations

Branches:
Dungeon (7/15)             Temple (1/1) D:4

Altars:
Cheibriados
Dithmenos
Elyvilon
Fedhas
Gozag
Kikubaaqudgha
Nemelex Xobeh
Pakellas
Qazlal
Sif Muna
Vehumet
Xom
Yredelemnul
Zin
The Shining One

Shops:
D:5 [(

Annotations:
D:5 tyranidshit's ghost, novice DDFi


Innate Abilities, Weirdness & Mutations

You are resistant to damage.
You can recharge devices by infusing magical energy.
You passively map the area around you.
You do not regenerate naturally.


Message History

You block the killer bee's attack. The killer bee stings you.
* * * LOW HITPOINT WARNING * * *
The killer bee stings you but does no damage. x3
You puncture the killer bee! You burn the killer bee.
The killer bee is almost dead.
You feel sick. You block the killer bee's attack.
The killer bee completely misses you.
The killer bee stings you but does no damage. x5
The killer bee stings you.
* * * LOW HITPOINT WARNING * * *
You are lethally poisoned!
The killer bee poisons you! You block the killer bee's attack.
You hit the killer bee. You burn the killer bee.
You kill the killer bee!
* * * LOW HITPOINT WARNING * * *
You feel very sick. You block the killer bee's attack.
The killer bee stings you but does no damage.
The killer bee stings you!
You die...

# #. , , ##* .# , ,
#. .## #### #. #.#
####....
#.####†####...## *
#.#....[.......###.
#†#y##.####<.......
#.@....# ###.#.###.
###y#### #......#
#.# #......# . #.#
***#......#.# #..
*#........# ###
##.........
#.......###
,#.......#
#.#####.#


You could see 2 killer bees.

Vanquished Creatures
  Edmund (D:5)
  2 orc warriors
  An ice beast (D:6)
  An ogre (D:5)
  3 centaurs
  2 giant frogs (D:6)
  A jelly (D:5)
  4 scorpions
  3 killer bees (D:7)
  A crimson imp (D:6)
  A hound (D:5)
  7 orc priests
  5 orc wizards
  A giant frog skeleton (D:4)
  An iguana (D:5)
  4 worker ants
  7 gnolls
  5 adders
  3 oozes
  2 worms
  5 dart slugs
  5 giant geckos
  17 orcs
  8 giant cockroaches
  5 goblins
  11 hobgoblins
  10 jackals
  8 kobolds
  3 quokkas
  2 ball pythons
  11 bats
  A giant cockroach zombie (D:6)
  A giant gecko skeleton (D:5)
  A giant gecko zombie (D:6)
  6 giant newts
  A jackal skeleton (D:4)
  A jackal zombie (D:5)
  A quokka zombie (D:5)
  7 rats
159 creatures vanquished.

Notes
Turn   | Place    | Note
--------------------------------------------------------------
     0 | D:1      | tyranidshit the Deep Dwarf Fighter began the quest for the Orb.
     0 | D:1      | Reached XP level 1. HP: 20/20 MP: 1/1
    68 | D:1      | Reached skill level 3 in Fighting
   194 | D:1      | Reached XP level 2. HP: 23/28 MP: 2/2
   570 | D:1      | Reached XP level 3. HP: 28/36 MP: 3/3
   716 | D:1      | Reached skill level 4 in Fighting
  1080 | D:2      | Reached XP level 4. HP: 30/45 MP: 4/4
  1188 | D:2      | Found a shimmering altar of Xom.
  1435 | D:2      | Got a smoking trident
  1442 | D:2      | Identified the +3 trident of Infection {flame, rElec Str+3 Int+4} (You found it on level 2 of the Dungeon)
  1541 | D:3      | Found a snail-covered altar of Cheibriados.
  1586 | D:3      | Reached skill level 5 in Fighting
  1677 | D:3      | Reached XP level 5. HP: 28/52 MP: 5/5
  2074 | D:3      | Found an opulent altar of Gozag.
  2074 | D:3      | Found a deep blue altar of Sif Muna.
  2214 | D:4      | Reached skill level 6 in Fighting
  2302 | D:4      | Noticed an orc warrior
  2304 | D:4      | Reached XP level 6. HP: 45/62 MP: 6/6
  2317 | D:4      | Killed an orc warrior
  2336 | D:4      | Reached skill level 7 in Fighting
  2425 | D:4      | Found a staircase to the Ecumenical Temple.
  2455 | Temple   | Entered the Ecumenical Temple
  2543 | D:4      | Reached XP level 7. HP: 18/72 MP: 7/7
  2907 | D:5      | Entered Level 5 of the Dungeon
  2917 | D:5      | Reached skill level 8 in Fighting
  3042 | D:5      | Noticed Edmund
  3053 | D:5      | Killed Edmund
  3053 | D:5      | Reached skill level 9 in Fighting
  3053 | D:5      | Reached XP level 8. HP: 36/85 MP: 8/8
  3150 | D:5      | Found Keupisun's Antique Armour Shoppe.
  3157 | D:5      | Bought an ichor-stained chain mail for 237 gold pieces
  3167 | D:5      | Identified the +4 chain mail of the Duchess {Stlth+} (You bought it in a shop on level 5 of the Dungeon)
  3196 | D:5      | Found Zoruwkiu's Weapon Emporium.
  3428 | D:5      | Noticed tyranidshit's ghost (novice DDFi)
  3492 | D:6      | Reached skill level 10 in Fighting
  3685 | D:6      | Reached skill level 5 in Armour
  4306 | D:7      | Gained mutation: You passively map the area around you. [Deep Dwarf growth]
  4306 | D:7      | Reached XP level 9. HP: 29/93 MP: 7/7
  4327 | D:7      | HP: 2/93 [poisoned by a killer bee]
  4327 | D:7      | Slain by a killer bee

Skill      XL: |  1  2  3  4  5  6  7  8 |
---------------+-------------------------+-----
Fighting       | 3 4 5 6 7 9 10 | 10.2
Armour         | 6 |  6.3
Axes           | |  2.1
Shields        | |  3.2

Action                   |  1- 3 |  4- 6 |  7- 9 || total
-------------------------+-------+-------+-------++-------
Melee: War axe           |   140 |    36 |     8 ||   184
       Trident           |       |   141 |   219 ||   360
 Abil: Device Recharging |       |       |     2 ||     2
Evoke: Wand              |       |     1 |    14 ||    15
  Use: Scroll            |       |     8 |     7 ||    15
       Potion            |       |     3 |     3 ||     6
  Eat: Bread ration      |       |     1 |     1 ||     2
       Beef jerky        |       |     1 |     1 ||     2
Armor: Scale mail        |    57 |       |       ||    57
       Chain mail        |    29 |   117 |   127 ||   273
       Plate armour      |       |    11 |    60 ||    71
Dodge: Dodged            |    33 |    45 |    51 ||   129
Block: Shield            |    92 |   132 |   151 ||   375
